 Dungeon Crawl Stone Soup version 0.28-a0-730-g892d06dc2c (webtiles) character file.

Game seed: 16465016352766588286

602 lawman0 the Chopper (level 7, -5/56 HPs)
             Began as a Palentonga Fighter on Oct 29, 2021.
             Was a Follower of Okawaru.
             Engulfed by a steam dragon's steam (12 damage)
             ... on level 5 of the Dungeon.
             The game lasted 00:05:40 (4151 turns).

lawman0 the Chopper (Palentonga Fighter)            Turns: 4151, Time: 00:05:40

Health: -5/56      AC: 12    Str: 21    XL:     7   Next: 18%
Magic:  7/7        EV:  8    Int:  9    God:    Okawaru [*.....]
Gold:   78         SH:  5    Dex:  9    Spells: 6/6 levels left

rFire   . . .      SeeInvis +   a - +1 broad axe
rCold   . . .      Faith    .   c - +1 buckler
rNeg    . . .      Spirit   .   b - +0 scale mail
rPois   .          Reflect  .   n - +2 hat
rElec   .          Harm     .   (no cloak)
rCorr   .          Rampage  .   i - +2 pair of gloves
Will    .....                   (no barding)
Stlth   ..........              (no amulet)
HPRegen 0.18/turn               (no ring)
MPRegen 0.10/turn               (no ring)

@: mighty
A: large, rugged brown scales 3, see invisible, deformed body, roll 1, armoured
tail, reflexive curl
a: Rolling Charge, Renounce Religion, Heroism


You were on level 5 of the Dungeon.
You worshipped Okawaru.
Okawaru was aware of your devotion.
You visited 1 branch of the dungeon, and saw 5 of its levels.

You collected 155 gold pieces.
You spent 77 gold pieces at shops.

Inventory:

Hand Weapons
 a - a +1 broad axe (weapon)
Missiles
 u - 2 poisoned darts
Armour
 b - a +0 scale mail (worn)
 c - a +1 buckler (worn)
 i - a +2 pair of gloves (worn)
 n - a +2 hat (worn)
Scrolls
 d - a scroll of magic mapping {unknown}
 f - a scroll of noise {unknown}
 g - a scroll of enchant weapon
 h - a scroll of immolation {unknown}
 k - a scroll of enchant armour
 m - a scroll of teleportation {unknown}
 p - a scroll of amnesia {unknown}
 s - a scroll of identify {unknown}
 t - a scroll of blinking {unknown}
Potions
 j - a potion of heal wounds {unknown}
 l - a potion of curing
 o - a potion of resistance {unknown}
 q - a potion of invisibility {unknown}
 r - a potion of haste {unknown}
 v - 2 potions of flight


   Skills:
 + Level 3.7 Fighting
 * Level 6.4 Axes
 + Level 3.3 Armour
 + Level 1.2 Dodging
 + Level 0.5 Stealth
 + Level 2.9 Shields


You had 6 spell levels left.
You didn't know any spells.
Your spell library contained the following spells:

 Spells                   Type           Power      Damage    Failure   Level
 Magic Dart               Conj           0%         1d3       73%         1
 Mephitic Cloud           Conj/Pois/Air  0%         N/A       97%         3
 Call Imp                 Summ           Unusable   N/A       N/A         2

Dungeon Overview and Level Annotations

Branches:
Dungeon (5/15)
 Temple: D:4-7

Altars:
Okawaru
Qazlal

Shops:
D:1 ([![[   D:2 *

Annotations:
D:5 Dowan


Innate Abilities, Weirdness & Mutations

You are completely covered in rugged brown scales. (AC +3, +7% HP)
You have supernaturally acute eyesight. (SInv)
Armour fits poorly on your strangely shaped body.
You can roll at nearby foes to attack.
You have a long armoured tail.
You curl defensively after being hit.


Message History

Okawaru accepts your kill.
You hit Duvessa.
You feel very sick.
A steam dragon comes into view.
Duvessa hits you but does no damage.
Your Axes skill increases to level 6!
The steam dragon hisses angrily.
You slash Duvessa!
Duvessa is heavily wounded.
You feel sick. Duvessa barely misses you.
You slash Duvessa!
Duvessa is almost dead.
You feel sick. Duvessa hits you with a +0 short sword.
Dowan gestures wildly while chanting.
Dowan blinks!
Duvessa hits you but does no damage.
Unknown command.
It was a potion of curing.
You feel better. Duvessa hits you with a +0 short sword!
You slice Duvessa!!
You kill Duvessa!
Okawaru is honoured by your kill.
You can now gain great but temporary skills.
Dowan screams, "No!
No!"
Dowan seems to find hidden reserves of power!
You hit Dowan. Dowan hits you but does no damage.
The steam dragon breathes steam at you. The ball of steam hits you!!
* * * LOW HITPOINT WARNING * * *
Dowan barely misses you.
You have reached level 7!
You now curl defensively after being hit.
Okay, then.
Dowan points at you and mumbles some strange words.
The stone arrow hits you but does no damage.
Okay, then.
Your scale mail prevents you from hitting the steam dragon.
You tail-slap the steam dragon!
The steam dragon is moderately wounded.
You are engulfed in a cloud of scalding steam.
You die...

#......##..
##......... #..
#.........# #......
.......... .......
.........###.#.#.....
.....?.§.....#.......
......e§§...........#
......§..#.........#
....##§#@..........##
.......D........>....
#....§....))......#
#.................#
#..........<..$...#
#<.....#####).....#
....... #.#....#
#...... #.#....# ....
..#....#


You could see a steam dragon (catching breath) and Dowan (fast).

Vanquished Creatures
  A water moccasin (D:5)
  Duvessa (D:5)
  A hound (D:5)
  An orc priest (D:3)
  A bullfrog skeleton (D:4)
  2 centaur skeletons (D:4)
  2 iguanas (D:4)
  2 orc wizards
  Robin (D:2)
  4 adders
  A howler monkey skeleton (D:4)
  2 worms
  2 dart slugs (D:3)
  11 orcs
  9 ball pythons
  6 endoplasms
  2 giant cockroaches (D:1)
  12 goblins
  6 hobgoblins
  5 jackals (D:1)
  5 kobolds
  2 quokkas
  5 bats
  2 frilled lizards (D:2)
  3 rats
89 creatures vanquished.

Vanquished Creatures (others)
  2 fungi (D:4)
2 creatures vanquished.

Grand Total: 91 creatures vanquished

Notes
Turn   | Place    | Note
-------+----------+-------------------------------------------
     0 | D:1      | lawman0 the Palentonga Fighter began the quest for the Orb.
     0 | D:1      | Reached XP level 1. HP: 19/19 MP: 1/1
   217 | D:1      | Found Hunam's Antique Armour Shop.
   234 | D:1      | Found Kyetix's Antique Armour Emporium.
   320 | D:1      | Reached XP level 2. HP: 25/25 MP: 2/2
   482 | D:1      | Found Baiclur's Armour Shoppe.
   560 | D:1      | Found Liripez's Weapon Shop.
   724 | D:1      | Found Wearok's Distillery.
   749 | D:1      | Bought a potion of degeneration for 12 gold pieces
  1180 | D:2      | Reached XP level 3. HP: 31/31 MP: 3/3
  1819 | D:2      | Noticed Robin
  1825 | D:2      | Reached skill level 3 in Axes
  1834 | D:2      | Reached XP level 4. HP: 28/37 MP: 4/4
  1852 | D:2      | Killed Robin
  2078 | D:2      | Found Aniuquetu's Assorted Antiques.
  2083 | D:2      | Bought a grey potion for 21 gold pieces
  2391 | D:3      | Reached skill level 4 in Axes
  2391 | D:3      | Reached XP level 5. HP: 31/43 MP: 5/5
  3185 | D:1      | Bought a +0 broad axe for 44 gold pieces
  3287 | D:4      | Reached skill level 1 in Dodging
  3608 | D:4      | Found a stormy altar of Qazlal.
  3609 | D:4      | Reached skill level 5 in Axes
  3609 | D:4      | Reached XP level 6. HP: 50/50 MP: 6/6
  3855 | D:4      | Found an iron altar of Okawaru.
  3860 | D:4      | Became a worshipper of Warmaster Okawaru
  4059 | D:5      | Entered Level 5 of the Dungeon
  4138 | D:5      | Noticed Duvessa
  4139 | D:5      | Noticed a water moccasin
  4143 | D:5      | Noticed Dowan
  4145 | D:5      | Killed a water moccasin
  4145 | D:5      | Noticed a steam dragon
  4146 | D:5      | Reached skill level 6 in Axes
  4149 | D:5      | Killed Duvessa
  4149 | D:5      | Reached * piety under Okawaru
  4150 | D:5      | Gained mutation: You curl defensively after being hit.
                  | [Palentonga growth]
  4150 | D:5      | Reached XP level 7. HP: 7/56 MP: 7/7
  4151 | D:5      | Engulfed by a steam dragon's steam

Illustrated notes

Levels and vault maps discovered:
D:1:      dpeg_arrival_connections, layout_loops_corners, serial_shops,
          nicolae_shop_trees, nicolae_shop_statue_plus, nicolae_shop_trees,
          shop, nicolae_shop_crystal, fountainhead
D:2:      layout_rooms, serial_shops, nicolae_shop_crystal, uniq_robin
D:3:      layout_basic, due_unseen_surprise
D:4:      layout_loops_ring, mainiacjoe_overflow_boulevard, marbit_many_paths
D:5:      layout_rooms, hangedman_decor_slide_cut, uniq_duvessa

Skill      XL: |  1  2  3  4  5  6 |
---------------+-------------------+-----
Axes           | 3 4 5 6 |  6.4
Dodging        | 1 |  1.2
Armour         | 3 |  3.3
Fighting       | |  3.7
Stealth        | |  0.5
Shields        | |  2.9

Action                   |  1- 3 |  4- 6 |  7- 9 || total
-------------------------+-------+-------+-------++-------
Melee: War axe           |   104 |    48 |       ||   152
       Tailslap          |     8 |    13 |     1 ||    22
       Broad axe         |       |    69 |     1 ||    70
 Abil: Rolling Charge    |     4 |     7 |       ||    11
  Use: Potion            |     3 |     3 |       ||     6
       Scroll            |       |     2 |       ||     2
Armor: Scale mail        |    86 |    82 |     1 ||   169
       Skin              |     3 |    11 |       ||    14
Dodge: Dodged            |    59 |    50 |       ||   109
Block: Buckler           |    21 |    32 |       ||    53

Table legend: (Time is in decaauts)
 A = Elapsed time spent in this place.
 B = Non-inter-level travel time spent in this place.
 C = Inter-level travel time spent in this place.
 D = Time resting spent in this place.
 E = Time spent auto-exploring this place.
 F = Levels seen in this place.
 G = Mean time per level.
                   A        B        C        D        E       F      G
               +--------+--------+--------+--------+--------+-----+--------+
         Total |   4230 |   3996 |    234 |      0 |   3374 |   5 |  846.0 |
       Dungeon |   4230 |   3996 |    234 |      0 |   3374 |   5 |  846.0 |
               +--------+--------+--------+--------+--------+-----+--------+

Top non-repeatable levels by time:
     D:1: 1243 daAuts
     D:2: 1028 daAuts
     D:3: 1021 daAuts
     D:4: 836 daAuts
     D:5: 100 daAuts
